 Dungeon Crawl Stone Soup version 0.25.1-4-g9407a263a5 (webtiles) character file.

Game seed: 2245773509193898618

63 Gabide the Poker (level 3, 0/29 HPs)
             Began as a Demigod Gladiator on Nov 27, 2020.
             Slain by an adder (3 damage)
             ... on level 2 of the Dungeon.
             The game lasted 00:02:20 (1113 turns).

Gabide the Poker (Demigod Gladiator)                Turns: 1113, Time: 00:02:20

Health: 0/29       AC:  4    Str: 19    XL:     3   Next: 61%
Magic:  5/5        EV: 13    Int: 12    God:
Gold:   101        SH:  4    Dex: 17    Spells: 2/2 levels left

rFire    . . .     SeeInvis .   a - +1 trident
rCold    . . .     Gourm    .   g - +0 buckler
rNeg     . . .     Faith    .   b - +0 leather armour
rPois    .         Spirit   .   c - +0 helmet
rElec    .         Reflect  .   (no cloak)
rCorr    .         Harm     .   (no gloves)
MR       .....                  (no boots)
Stlth    +.........             (no amulet)
HPRegen  0.09/turn              (no ring)
MPRegen  0.09/turn              (no ring)

@: stab, very slightly contaminated
A: high mp 1
a: no special abilities


You were on level 2 of the Dungeon.
You were not hungry.

You visited 1 branch of the dungeon, and saw 2 of its levels.

You collected 101 gold pieces.

Inventory:

Hand Weapons
 a - a +1 trident (weapon)
Missiles
 d - 3 throwing nets
 k - 34 poisoned darts (quivered)
Armour
 b - a +0 leather armour (worn)
 c - a +0 helmet (worn)
 g - a +0 buckler (worn)
Comestibles
 f - 2 rations
 h - 9 chunks of flesh


   Skills:
 + Level 2.0 Fighting
 + Level 3.5 Polearms
 + Level 1.7 Throwing
 + Level 0.3 Armour
 + Level 3.2 Dodging
 - Level 0.3 Stealth
 * Level 0.7 Shields


You had 2 spell levels left.
You didn't know any spells.
Your spell library was empty.

Dungeon Overview and Level Annotations

Branches:
Dungeon (2/15)

Annotations:
D:2 Sigmund


Innate Abilities, Weirdness & Mutations

You have an increased reservoir of magic. (+10% MP)


Message History

You are too injured to fight recklessly!
You are too injured to fight recklessly!
Found a short sword.
You see here a worm corpse.
A frilled lizard comes into view.
The frilled lizard hisses angrily.
You hit the adder.
The adder is lightly wounded.
The adder closely misses you. You block something's attack.
The adder misses you.
You barely miss the adder.
The adder is lightly wounded.
Something hits you but does no damage. You block the adder's attack.
Something hits you!
* * * LOW HITPOINT WARNING * * *
The adder misses you.
It was a potion of stabbing.
You feel ready to backstab. The adder bites you.
You die...

##... ... ...
##...## #.# #.#
###.....###.####.#
###
#.............##.#
#..
.##.#.....###÷#.##.#
#.# #......K.##
#.#.##.# #.#
.S.K..#.##
#.#.##.###.#
.##.#.#S#
#.#...>..... .. #
#@# #÷..÷....... .#
#.# #......###.. #.#
#.########.. #l# #.#
#....... #.# #.#
#.####.. #.# #.# #..
#)# #.# #÷. #.# #.#
###.. #....


You could see an adder, a kobold and a frilled lizard.

Vanquished Creatures
  A gnoll (D:1)
  A worm (D:2)
  A dart slug (D:1)
  A leopard gecko (D:1)
  2 ball pythons (D:1)
  2 giant cockroaches
  7 hobgoblins
  4 jackals (D:1)
  4 kobolds
  A quokka (D:2)
  7 bats
  5 frilled lizards
  6 goblins
  3 rats (D:1)
45 creatures vanquished.

Notes
Turn   | Place    | Note
-------+----------+-------------------------------------------
     0 | D:1      | Gabide the Demigod Gladiator began the quest for the Orb.
     0 | D:1      | Reached XP level 1. HP: 17/17 MP: 3/3
   168 | D:1      | Reached XP level 2. HP: 20/24 MP: 4/4
   279 | D:1      | Reached XP level 3. HP: 10/29 MP: 5/5
   990 | D:2      | Found an iron altar of Okawaru.
   994 | D:2      | Found a bloodstained altar of Trog.
  1100 | D:2      | Noticed Sigmund
  1113 | D:2      | Slain by an adder

Illustrated notes

Levels and vault maps discovered:
D:1:      dpeg_arrival_leaves_temple_mockup, layout_rooms, minmay_tetromino_s2
D:2:      layout_loops_ring, grunt_temple_overflow_open, lemuel_round_altar,
          elyvilon_altar_3, uniq_sigmund, uniq_terence, uniq_robin

Skill      XL: |  1  2 |
---------------+-------+-----
Polearms       | 3 |  3.5
Dodging        | 3 |  3.2
Fighting       | 2 |  2.0
Throwing       | |  1.7
Armour         | |  0.3
Stealth        | |  0.3
Shields        | |  0.7

Action                   || total
-------------------------++-------
Melee: Trident           ||   124
  Use: Scroll            ||     5
       Potion            ||     1
 Stab: Sleeping          ||     1
  Eat: Chunk             ||     1
Armor: Leather armour    ||    25
Dodge: Dodged            ||    72
Block: Buckler           ||    10
